 Dungeon Crawl Stone Soup version 0.26.1-11-gd32895ea62 (webtiles) character file.

Game seed: 4981260354239924103

36 buriedalive the Chiller (level 3, -4/19 HPs)
             Began as a Gargoyle Ice Elementalist on July 12, 2021.
             Slain by an orc
             ... wielding a +2 trident of freezing
              (7 damage)
             ... on level 2 of the Dungeon.
             The game lasted 00:02:20 (1283 turns).

buriedalive the Chiller (Gargoyle Ice Elementalist) Turns: 1283, Time: 00:02:21

Health: -4/19      AC:  5    Str: 11    XL:     3   Next: 37%
Magic:  1/6        EV: 12    Int: 16    God:
Gold:   82         SH:  0    Dex: 10    Spells: 5/6 levels left

rFire    . . .     SeeInvis .   c - +0 dagger
rCold    . . .     Faith    .   (no shield)
rNeg     + . .     Spirit   .   a - +0 robe
rPois    ∞         Reflect  .   (no helmet)
rElec    +         Harm     .   (no cloak)
rCorr    .         Rampage  .   (no gloves)
Will     .....                  (no boots)
Stlth    ++........             (no amulet)
HPRegen  0.06/turn              (no ring)
MPRegen  0.10/turn              (no ring)

@: no status effects
A: negative energy resistance 1, electricity resistance, unbreathing,
petrification resistance, miasma immunity, AC +3
a: no special abilities


You were on level 2 of the Dungeon.
You visited 1 branch of the dungeon, and saw 2 of its levels.

You collected 82 gold pieces.

Inventory:

Hand Weapons
 c - a +0 dagger (weapon)
Missiles
 b - 9 poisoned darts
 d - 36 stones
Armour
 a - a +0 robe (worn)
 f - a +0 helmet
Jewellery
 i - a +6 ring of strength {unknown}
Scrolls
 e - a scroll of magic mapping {unknown}
 g - 2 scrolls of amnesia {unknown}
 k - a scroll of identify {unknown}
Potions
 h - a potion of invisibility {unknown}
 j - a potion of lignification {unknown}
 l - a potion of might {unknown}


   Skills:
 + Level 2.4 Dodging
 - Level 2.1 Stealth
 - Level 2.0 Spellcasting
 + Level 4.5 Ice Magic


You had 5 spell levels left.
You knew the following spells:

 Your Spells              Type           Power        Failure   Level
a - Freeze                Ice            64%          3%          1

Your spell library contained the following spells:

 Spells                   Type           Power        Failure   Level
 Frozen Ramparts          Ice            32%          10%         3
 Ozocubu's Armour         Ice            16%          10%         3
 Hailstorm                Conj/Ice       8%           63%         4
 Summon Ice Beast         Ice/Summ       8%           63%         4


Dungeon Overview and Level Annotations

Branches:
Dungeon (2/15)

Altars:

Annotations:
D:2 Terence


Innate Abilities, Weirdness & Mutations

You are resistant to torment.
Your stone body is resilient. (AC +3)
You are immune to poison.
You resist negative energy. (rN+)
You are resistant to electric shocks. (rElec)
You can survive without breathing.
You are immune to petrification.
You are immune to miasma.


Message History

Terence hits you with a +1 falchion of holy wrath.
* * * LOW HITPOINT WARNING * * *
You hit Terence but do no damage.
Terence is heavily wounded.
The goblin hits you with a cursed -2 dagger.
* * * LOW HITPOINT WARNING * * *
Terence barely misses you.
Casting: Freeze (safe; 3% risk of failure)
Confirm with . or Enter, or press ? or * to list all spells.
Aiming: Freeze (safe; 3% risk of failure)
Press: ? - help, Shift-Dir - straight line, f - goblin, p - Terence
Aim: a goblin, wielding a -2 dagger You freeze the goblin.
You kill the goblin!
Unknown command.
An orc comes into view.
It is wielding a +2 trident of freezing. 2 orcs come into view.
The orc shouts!
The orc hits you with a +2 trident of freezing!
You die...

#### . ...##.
######## ## .o...
.......# ##.. o..#
.#.....# ###..# ...#
.###...###...####o..#
...#...#...#...@@...#
#.#......###.####...#
#)###...w)...# ...#
#...#...###### ...#
........# .>...
..#....## ###...
###....# ....
#####.## ... ........


You could see Terence and 3 orcs.

Vanquished Creatures
  An ooze (D:2)
  A dart slug (D:1)
  A leopard gecko (D:1)
  2 giant cockroaches (D:2)
  6 goblins
  2 hobgoblins
  5 bats (D:1)
  3 frilled lizards (D:1)
  A kobold (D:1)
  8 rats
30 creatures vanquished.

Notes
Turn   | Place    | Note
-------+----------+-------------------------------------------
     0 | D:1      | buriedalive the Gargoyle Ice Elementalist began the quest
                  | for the Orb.
     0 | D:1      | Reached XP level 1. HP: 10/10 MP: 3/3
   259 | D:1      | Reached XP level 2. HP: 11/15 MP: 3/5
   738 | D:1      | Reached XP level 3. HP: 19/19 MP: 6/6
  1240 | D:2      | Noticed Terence
  1283 | D:2      | Slain by an orc

Illustrated notes

Levels and vault maps discovered:
D:1:      dpeg_arrival_arbitrary_a, layout_basic
D:2:      cheibrodos_pilgrimage, layout_rooms, minmay_pentomino_z2, uniq_terence

Skill      XL: |  1  2 |
---------------+-------+-----
Dodging        | 2 |  2.4
Stealth        | |  2.1
Spellcasting   | |  2.0
Ice Magic      | |  4.5

Action                   || total
-------------------------++-------
Melee: Dagger            ||    41
 Cast: Freeze            ||    26
 Stab: Sleeping          ||     6
Armor: Robe              ||    24
Dodge: Dodged            ||    48
